Description

This is build

Replay - Coaching Asura 1-1-1 into bio Tank

Build Order

Get SALT Encoding   

  12  0:01  SCV  SAS
  13  0:13  SCV  
  14  0:18  Supply Depot  
  14  0:25  SCV  
  15  0:39  SCV  
  15  0:40  Barracks  
  16  0:45  Refinery  
  16  0:51  SCV  
  17  1:03  SCV  
  18  1:15  SCV  
  19  1:28  Orbital Command  
  19  1:29  Reaper  
  20  1:46  Command Center  
  21  1:54  SCV  
  21  1:56  Supply Depot  
  21  2:01  Marine  
  21  2:06  SCV  
  23  2:11  Factory  
  23  2:18  Refinery  
  23  2:19  SCV  
  24  2:27  Barracks Reactor  
  25  2:56  Starport  
  27  3:00  Orbital Command  
  26  3:10  Barracks Tech Lab  
  26  3:12  Hellion x2  
  33  3:33  Hellion x2  
  38  3:38  Barracks Tech Lab  
  38  3:41  Viking  
  41  3:43  Supply Depot  
  43  3:56  Hellion  
  46  4:05  Hellion  
  46  4:06  Supply Depot  
  50  4:11  Medivac  
  53  4:20  Armory  
  53  4:28  Hellion x2  
  53  4:30  Supply Depot  
  61  4:53  Command Center  
  61  4:59  Stimpack  
  61  5:04  Barracks x2  
  63  5:07  Engineering Bay  
  63  5:09  Barracks  
  63  5:14  Marine  
  63  5:17  Siege Tank, Starport Reactor  
  64  5:32  Marine  
  61  5:42  Terran Infantry Weapons Level 1, Refinery  
  61  5:44  Engineering Bay  
  61  5:49  Siege Tank  
  58  5:50  Marine x3  
  63  6:01  Refinery, Barracks Reactor x2  
  64  6:04  Medivac  
  64  6:06  Orbital Command  
  64  6:08  Marine x3  
  71  6:18  Terran Infantry Armor Level 1  
  72  6:25  Marine  
  73  6:35  Viking  
  83  6:49  Terran Vehicle Weapons Level 1, Orbital Command  
  84  6:59  Combat Shields  
  60  7:35  Siege Tank  
  60  7:36  Medivac x2  
  78  7:49  Terran Infantry Weapons Level 2  
  88  8:07  Siege Tank  
  100  8:26  Terran Infantry Armor Level 2  
  109  8:39  Siege Tank  
  121  9:02  Command Center  
  125  9:11  Siege Tank  
  131  9:18  Concussive Shells  
  142  9:49  Siege Tank  
  142  9:50  Medivac x2  
Spawning Tool Build Advisor. Get it on Overwolf

Analysis

sas

Go to:

Details

  • Created by: Bluesteel_Eleven
  • Published on: Dec 17, 2017
  • Modified on: Dec 17, 2017
  • Patch: 4.0.0
Show
View Real Time Build Order
Export as new Build Order

Comments (1)

On June 17, 2018, noon, David  said:

Hi, interesting but when is the timing attack ? At the end of infantry weapon +1 ?

Create an account to comment!